Workbook

Sheet 平衡表0
A1: 澎湖縣白 | H1: 沙鄉公所
A2: 林加由 | H2: 基金
A3: 平 衡 | H3: 表
A4: 中華民國102 | H4: 年12月31日
A5: 科 目 | B5: 本年度決算數 | D5: 上年度決算數 | F5: 比較增減 | H5: 科 目 | I5: 本年度決算數 | K5: 上年度決算數 | M5: 比較增減
B6: 金 額 | C6: ％ | D6: 金 額 | E6: ％ | F6: 金 額 | G6: % | I6: 金 額 | J6: ％ | K6: 金 額 | L6: ％ | M6: 金 額 | N6: %
A7: 資產 | B7: =B8 -> 200883622 | C7: =+B7/$B$29*100 -> 100 | D7: =D8 -> 200909786 | E7: =+D7/$D$29*100 -> 100 | F7: =+B7-D7 -> -26164 | G7: =+F7/D7*100 -> -0.01302276 | H7: 負債 | I7: =SUM(I8) -> 0 | J7: =+I7/$I$29*100 -> 0 | K7: =SUM(K8) -> 0 | L7: =+K7/$K$29*100 -> 0 | M7: =+I7-K7 -> 0
A8: 流動資產 | B8: =B9+B11+B13 -> 200883622 | C8: =+B8/$B$29*100 -> 100 | D8: =D9+D11+D13 -> 200909786 | E8: =+D8/$D$29*100 -> 100 | F8: =+B8-D8 -> -26164 | G8: =+F8/D8*100 -> -0.01302276 | H8: 流動負債 | I8: =SUM(I9) -> 0 | J8: =+I8/$I$29*100 -> 0 | K8: =SUM(K9) -> 0 | L8: =+K8/$K$29*100 -> 0 | M8: =+I8-K8 -> 0
A9: 現金 | B9: =B10 -> 383622 | C9: =+B9/$B$29*100 -> 0.19096729 | D9: =D10 -> 409786 | E9: =+D9/$D$29*100 -> 0.20396518 | F9: =+B9-D9 -> -26164 | G9: =+F9/D9*100 -> -6.384796 | H9: 應付款項 | I9: =I10 -> 0 | J9: =+I9/$I$29*100 -> 0 | K9: =K10 -> 0 | L9: =+K9/$K$29*100 -> 0 | M9: =+I9-K9 -> 0
A10: 銀行存款 | B10: =+[1]現金流量決算表0!C31 -> 383622 | C10: =+B10/$B$29*100 -> 0.19096729 | D10: =+[1]現金流量決算表0!C29 -> 409786 | E10: =+D10/$D$29*100 -> 0.20396518 | F10: =+B10-D10 -> -26164 | G10: =+F10/D10*100 -> -6.384796 | H10: 其他應付款 | I10: 0 | J10: =+I10/$I$29*100 -> 0 | K10: 0 | L10: =+K10/$K$29*100 -> 0 | M10: =+I10-K10 -> 0
A11: 短期投資 | B11: =B12 -> 200500000 | C11: =+B11/$B$29*100 -> 99.809033 | D11: =D12 -> 200500000 | E11: =+D11/$D$29*100 -> 99.796035 | F11: =+B11-D11 -> 0 | G11: =+F11/D11*100 -> 0 | L11: =+K11/$K$29*100 -> 0 | M11: =+I11-K11 -> 0
A12: 可轉讓定期存單 | B12: 200500000 | C12: =+B12/$B$29*100 -> 99.809033 | D12: 200500000 | E12: =+D12/$D$29*100 -> 99.796035 | F12: =+B12-D12 -> 0 | G12: =+F12/D12*100 -> 0 | H12: 基金餘額 | I12: =SUM(I13) -> 200883622 | J12: =+I12/$I$29*100 -> 100 | K12: =SUM(K13) -> 200909786 | L12: =+K12/$K$29*100 -> 100 | M12: =+I12-K12 -> -26164 | N12: =+M12/K12*100 -> -0.01302276
A13: 應收款項 | B13: =B14 -> 0 | C13: =+B13/$B$29*100 -> 0 | D13: =D14 -> 0 | E13: =+D13/$D$29*100 -> 0 | F13: =+B13-D13 -> 0 | H13: 基金餘額 | I13: =SUM(I14) -> 200883622 | J13: =+I13/$I$29*100 -> 100 | K13: =SUM(K14) -> 200909786 | L13: =+K13/$K$29*100 -> 100 | M13: =+I13-K13 -> -26164 | N13: =+M13/K13*100 -> -0.01302276
A14: 應收利息 | C14: =+B14/$B$29*100 -> 0 | E14: =+D14/$D$29*100 -> 0 | F14: =+B14-D14 -> 0 | H14: 基金餘額 | I14: =SUM(I15:I16) -> 200883622 | J14: =+I14/$I$29*100 -> 100 | K14: =SUM(K15:K16) -> 200909786 | L14: =+K14/$K$29*100 -> 100 | M14: =+I14-K14 -> -26164 | N14: =+M14/K14*100 -> -0.01302276
H15: 累積餘額 | I15: =+[1]基金來源用途及餘絀決算表0!D14 -> 200909786 | J15: =+I15/$I$29*100 -> 100.01302 | K15: =+[1]基金來源用途及餘絀決算表0!H14 -> 200948709 | L15: =+K15/$K$29*100 -> 100.01937 | M15: =+I15-K15 -> -38923 | N15: =+M15/K15*100 -> -0.019369619
H16: 本期賸餘 | I16: =+[1]基金來源用途及餘絀決算表0!D13 -> -26164 | J16: =+I16/$I$29*100 -> -0.013024457 | K16: =+[1]基金來源用途及餘絀決算表0!H13 -> -38923 | L16: =+K16/$K$29*100 -> -0.019373372 | M16: =+I16-K16 -> 12759 | N16: =+M16/K16*100 -> -32.780104
A29: 合 計 | B29: =SUM(B7) -> 200883622 | C29: =+B29/B29*100 -> 100 | D29: =SUM(D7) -> 200909786 | E29: =+D29/D29*100 -> 100 | F29: =+B29-D29 -> -26164 | G29: =+F29/D29*100 -> -0.01302276 | H29: 合 計 | I29: =SUM(I7,I12) -> 200883622 | J29: =+I29/I29*100 -> 100 | K29: =SUM(K7,K12) -> 200909786 | L29: =+K29/$K$29*100 -> 100 | M29: =+I29-K29 -> -26164 | N29: =+M29/K29*100 -> -0.01302276
